 Dungeon Crawl Stone Soup version 0.13.1-2-gfb2c2b7 (webtiles) character file.

376 Mitsuki the Grave Robber (level 6, 0/41 HPs)
             Began as a Demonspawn Necromancer on Dec 2, 2013.
             Slain by an iguana (13 damage)
             ... on Level 4 of the Dungeon.
             The game lasted 00:51:18 (5168 turns).

Mitsuki the Grave Robber (Demonspawn Necromancer)   Turns: 5168, Time: 00:51:18

HP   0/41        AC  6     Str  8      XL: 6   Next:  0%
MP  13/13        EV 13     Int 18      God:
Gold 110         SH  0     Dex 16      Spells:  4 memorised,  3 levels left

Res.Fire  : . . .   See Invis. : .   D - +1,+5 spear
Res.Cold  : . . .   Warding    : .   m - +2 robe
Life Prot.: . . .   Conserve   : .   (no shield)
Res.Poison: .       Res.Corr.  : .   (no helmet)
Res.Elec. : .       Clarity    : .   r - +0 cloak
Sust.Abil.: . .     Spirit.Shd : .   (no gloves)
Res.Mut.  : .       Stasis     : .   (no boots)
Res.Rott. : .       Flight     : .   (no amulet)
Saprovore : . . .                    x - ring of invisibility
                                     e - +2 ring of dexterity

@: slightly resistant to hostile enchantments, fairly stealthy
A: powered by death 1, AC +1
a: Evoke Invisibility


You were on level 4 of the Dungeon.
You were not hungry.

You visited 1 branch of the dungeon, and saw 4 of its levels.

You collected 90 gold pieces.

Inventory:

Hand weapons
 o - a +1,+2 orcish hand axe of chopping (quivered)
 y - a +2,+1 whip of venom
 D - a +1,+5 spear (weapon)
Armour
 m - a +2 robe (worn)
 r - a +0 cloak (worn)
 t - a +0 robe
Comestibles
 c - 2 bread rations
 u - a cheese
 v - a meat ration
 C - 12 sultanas
Scrolls
 j - 3 scrolls of teleportation
 l - a scroll of random uselessness
 p - 3 scrolls of enchant weapon II
 q - 3 scrolls of remove curse
 s - a scroll of recharging {unknown}
 z - a scroll of noise {unknown}
 A - a scroll of amnesia {unknown}
 B - a scroll of enchant armour
Jewellery
 d - an uncursed ring of teleport control
 e - a +2 ring of dexterity (left hand)
 k - an uncursed ring of teleportation
 x - a ring of invisibility (right hand)
Potions
 a - a potion of degeneration {unknown}
 f - 2 potions of heal wounds {unknown}
 g - 4 potions of curing
 h - a potion of might {unknown}
 i - 2 potions of magic {unknown}
 n - a potion of brilliance {unknown}
 w - a potion of invisibility {unknown}
Books
 b - a book of Necromancy

   Spells                             Type                      Level
   *Pain                              Necromancy                   1
   *Animate Skeleton                  Necromancy                   1
   Lethal Infusion                    Charms/Necromancy            2
   Vampiric Draining                  Necromancy                   3
   *Regeneration                      Charms/Necromancy            3
   Animate Dead                       Necromancy                   4
   *Control Undead                    Necromancy                   4


   Skills:
 + Level 2.4 Dodging
 + Level 1.8 Stealth
 + Level 3.6 Spellcasting
 + Level 0.1 Charms
 + Level 6.3 Necromancy


You had 3 spell levels left.
You knew the following spells:

 Your Spells              Type           Power        Failure   Level  Hunger
a - Pain                  Necr           ####         1%          1    None
b - Animate Skeleton      Necr           N/A          1%          1    None
c - Regeneration          Chrm/Necr      ##........   14%         3    ###....
d - Control Undead        Necr           ####......   14%         4    ####...


Dungeon Overview and Level Annotations

Branches:
Dungeon (4/27)
 Temple: D:4-7

Altars:


Innate Abilities, Weirdness & Mutations

You are partially covered in molten scales (AC +1).
You can steal the life force of nearby defeated enemies.


Message History

Increase (S)trength, (I)ntelligence, or (D)exterity?
You feel clever.
Unknown command.
Magic restored.
An iguana comes into view.
The iguana hisses angrily.
You closely miss the iguana. The iguana bites you.
You barely miss the iguana. The iguana barely misses you.
You hit the iguana but do no damage. The iguana closely misses you.
You barely miss the iguana. The iguana misses you.
You hit the iguana.
The iguana is lightly wounded.
The iguana bites you.
You hit the iguana.
The iguana is moderately wounded.
The iguana bites you!
You closely miss the iguana.
The iguana is moderately wounded.
The iguana bites you!
You die...

### ##.##
#..## #####
#.#.# ##...##
#.##.
#.###.###.###
#.# #.....# #
#.###.##### #
#+######...##
#
#.@.......##
# #l#########
# #. # #. #
#. . #. #. #.
.


You could see an iguana.

Vanquished Creatures
  An orc priest (D:3)
  A scorpion (D:4)
  4 gnolls (D:3)
  2 adders
  A worm (D:3)
  An iguana zombie (D:4)
  3 grey rats (D:2)
  3 giant geckos
  An ooze (D:1)
  10 orcs (D:3)
  2 ball pythons
  12 giant cockroaches
  10 goblins
  10 hobgoblins
  12 kobolds
  A quokka (D:3)
  12 bats
  3 giant newts
  6 jackals
  23 rats
  A rat skeleton (D:4)
119 creatures vanquished.

Vanquished Creatures (collateral kills)
  A worm (D:3)
  A ball python (D:1)
  2 jackals (D:4)
  A rat (D:1)
5 creatures vanquished.

Vanquished Creatures (others)
  A ball python skeleton (D:1)
  A giant gecko skeleton (D:1)
  A giant newt skeleton (D:1)
  A hobgoblin skeleton (D:1)
  An orc skeleton (D:3)
  A rat skeleton (D:1)
6 creatures vanquished.

Grand Total: 130 creatures vanquished

Notes
Turn   | Place    | Note
--------------------------------------------------------------
     0 | D:1      | Mitsuki, the Demonspawn Necromancer, began the quest for the Orb.
     0 | D:1      | Reached XP level 1. HP: 13/13 MP: 3/3
     2 | D:1      | Learned a level 1 spell: Animate Skeleton
   500 | D:1      | Gained mutation: You are partially covered in molten scales (AC +1). [demonic ancestry]
   500 | D:1      | Reached XP level 2. HP: 8/19 MP: 2/4
  1227 | D:1      | Reached skill level 5 in Necromancy
  1452 | D:1      | Reached XP level 3. HP: 24/24 MP: 4/6
  2095 | D:2      | Learned a level 3 spell: Regeneration
  2718 | D:2      | Gained mutation: You can steal the life force of nearby defeated enemies. [demonic ancestry]
  2718 | D:2      | Reached XP level 4. HP: 23/30 MP: 2/8
  3646 | D:3      | Reached XP level 5. HP: 18/35 MP: 1/10
  4000 | D:3      | Learned a level 4 spell: Control Undead
  4175 | D:3      | Reached skill level 6 in Necromancy
  5133 | D:4      | Reached XP level 6. HP: 36/41 MP: 10/13
  5168 | D:4      | Slain by an iguana

Action                   |  1- 3 |  4- 6 || total
-------------------------+-------+-------++-------
Melee: Unarmed           |    10 |   144 ||   154
       Whip              |       |     5 ||     5
       Spear             |       |    32 ||    32
 Cast: Pain              |    84 |    88 ||   172
       Animate Skeleton  |     5 |     1 ||     6
       Regeneration      |       |     2 ||     2
       Control Undead    |       |     3 ||     3
 Abil: Evoke Invisibilit |       |     1 ||     1
  Use: Scroll            |     8 |     2 ||    10
 Stab: Sleeping          |       |     1 ||     1
